 Dungeon Crawl Stone Soup version 0.30-a0-782-ge64f9170bb (webtiles) character file.

Game seed: 2677403197769183460

3060 mopl the Martial Artist (level 10, -5/66 HPs)
             Began as a Djinni Transmuter on Mar 11, 2023.
             Slain by a killer bee (8 damage)
             ... on level 10 of the Dungeon.
             The game lasted 00:09:33 (6087 turns).

mopl the Martial Artist (Djinni Transmuter)         Turns: 6087, Time: 00:09:33

Health: -5/66      AC: 12    Str: 13    XL:     10   Next: 12%
Gold:   367        EV: 17    Int: 14    God:
                   SH:  0    Dex: 15

rFire   + + .      SeeInvis .    d - +0 whip (venom)
rCold   x . .      Faith    .    (no shield)
rNeg    . . .      Spirit   .    r - +3 ring mail of the Furrier {Rampage Stlth+}
rPois   ∞          Reflect  .    h - +2 hat
rElec   .          Harm     .    G - +0 cloak
rCorr   .          Rampage  +    g - +0 pair of gloves
Will    .....                    (boots unavailable)
Stlth   ++                       (no amulet)
HPRegen 0.31/turn                k - +5 ring of evasion
MPRegen 0.00/turn                v - +4 ring of slaying

@: about to teleport, weak-willed, flying
A: sickness immunity, fire resistance 2, cold vulnerability 1, float, innate
caster, HP casting, extra vitality 1
a: no special abilities


You were on level 10 of the Dungeon.
You visited 2 branches of the dungeon, and saw 9 of its levels.

You collected 460 gold pieces.
You spent 93 gold pieces at shops.

Inventory:

Hand Weapons
 d - a +0 whip of venom (weapon)
 t - a +2 dagger of electrocution
 u - a +4 mace of holy wrath
Missiles
 b - a throwing net
 A - 5 poisoned darts
Armour
 g - a +0 pair of gloves (worn)
 h - a +2 hat (worn)
 r - the +3 ring mail of the Furrier (worn) {Rampage Stlth+}
   (You found it on level 2 of the Dungeon)

   Rampage:   It bestows one free step when moving towards enemies.
   Stlth:     It makes you more stealthy.
 G - a +0 cloak (worn)
Jewellery
 k - a +5 ring of evasion (left hand)
 v - a +4 ring of slaying (right hand)
Wands
 w - a wand of polymorph (11)
 x - a wand of acid (7)
 E - a wand of paralysis (11)
Scrolls
 a - 4 scrolls of vulnerability
 c - 4 scrolls of identify
 i - 2 scrolls of torment {unknown}
 n - a scroll of noise {unknown}
 o - 2 scrolls of fear
 p - a scroll of poison {unknown}
 q - a scroll of teleportation
 s - 2 scrolls of fog {unknown}
 y - 3 scrolls of brand weapon {unknown}
 D - a scroll of magic mapping {unknown}
Potions
 e - a potion of might
 f - 3 potions of attraction {unknown}
 j - 2 potions of heal wounds {unknown}
 l - a potion of magic {unknown}
 m - a potion of haste {unknown}
 z - a potion of brilliance {unknown}
 B - a potion of curing {unknown}
 C - a potion of ambrosia {unknown}
 F - a potion of degeneration {unknown}


   Skills:
 + Level 2.8 Fighting
 + Level 2.2 Throwing
 + Level 2.4 Armour
 + Level 3.7 Dodging
 * Level 10.2 Unarmed Combat
 + Level 5.3 Spellcasting
 + Level 2.5 Evocations


You couldn't memorise any spells.
You knew the following spells:

 Your Spells              Type           Power      Damage    Failure   Level
a - Beastly Appendage     Tmut           36%        N/A       3%          1
b - Spider Form           Tmut/Pois      18%        N/A       12%         3
c - Poisonous Vapours     Pois/Air       36%        N/A       6%          2
d - Ice Form              Ice/Tmut       18%        N/A       36%         4
e - Sting                 Tmut/Pois      72%        1d6       3%          1
f - Lesser Beckoning      Tloc           36%        N/A       6%          2
g - Iskenderun's Mystic   Conj/Tloc      18%        2d6       36%         4
w - Wereblood             Tmut           18%        N/A       6%          2
Your spell library was empty.

Dungeon Overview and Level Annotations

Branches:
Dungeon (7/15)             Temple (1/1) D:6

Altars:
Cheibriados
Dithmenos
Elyvilon
Fedhas
Hepliaklqana
Makhleb
Nemelex Xobeh
Ru
Trog
Uskayaw
Wu Jian
Xom
Yredelemnul
Zin
The Shining One

Shops:
D:6 *

Annotations:
D:10 Josephine


Innate Abilities, Weirdness & Mutations

You are immune to sickness and miasma.
You are immune to poison.
Your flesh is very heat resistant. (rF++)
You are vulnerable to cold. (rC-)
You float through the air rather than walking.
You learn spells naturally, not from books.
Your magical power is your life essence.
You have superior vitality. (+4 MHP)


Message History

The wraith misses you. x2; Josephine hits you but does no damage.
Unknown command.
Aiming: Corrosive Bolt
Press: ? - help, Shift-Dir - straight line, f/p - wraith
Aim: a wraith (severely damaged, weak-willed, covered in acid, 71% to hit)
The bolt of acid hits the wraith!
The wraith seems to be corroded for longer.
The wraith is heavily damaged.
The bolt of acid hits the wraith!
You destroy the wraith!
Your surroundings suddenly seem different. 5 killer bees, a yak and a centaur come into view.
Found 10 stones.
The killer bee buzzes angrily. x2; The yak bellows!
The killer bee buzzes angrily.
You hear a bellow!
The centaur wields a +0 shortbow.
The centaur shoots an arrow.
The arrow closely misses you.
The centaur shoots an arrow.
The arrow hits you.
* * * LOW HITPOINT WARNING * * *
Unknown command.
As you read the scroll of teleportation, it crumbles to dust.
You feel strangely unstable. The killer bee misses you.
The killer bee closely misses you. The killer bee barely misses you.
A yak comes into view.
The killer bee misses you.
The killer bee stings you but does no damage.
The killer bee closely misses you.
The yak moves out of view.
A yak comes into view.
The killer bee barely misses you. The killer bee stings you.
* * * LOW HITPOINT WARNING * * *
The killer bee barely misses you. The yak completely misses you.
The killer bee completely misses you. The killer bee closely misses you.
The yak moves out of view.
The killer bee attacks as you move away!
The killer bee stings you!
* * * LOW HITPOINT WARNING * * *
A yak comes into view.
The yak bellows!
The killer bee barely misses you. The yak misses you.
The killer bee stings you!
You die...

^...###.####
##.......#.
..........
(........#
.........#
....(....#
........y#
......yyy#
......cY@#
............#
..........#.#
##..#..##..
.. ...##. .##
... .. ## .#
.. Y# . .Y


You could see 3 yaks, a centaur and 4 killer bees.

Vanquished Creatures
  Pikel (D:5)
  A wraith (D:10)
  A yak (D:10)
  2 water moccasins
  An orc warrior (D:7)
  2 ice beasts (D:5)
  A centaur (D:5)
  An ogre (D:6)
  A lemure (D:5)
  2 phantoms (D:5)
  3 bullfrogs
  A gnoll sergeant (D:6)
  5 scorpions
  3 necrophages
  An electric eel (D:10)
  4 hounds
  2 jellies
  An orc priest (D:6)
  A gnoll bouda (D:7)
  Ijyb (D:4)
  3 iguanas
  2 orc wizards
  Robin (D:3)
  11 gnolls
  8 adders
  A shadow imp (D:5)
  2 white imps
  2 ufetubi
  4 dart slugs
  A worm (D:5)
  23 orcs
  5 ball pythons
  6 endoplasms
  4 giant cockroaches
  10 goblins
  11 hobgoblins
  8 kobolds
  3 quokkas
  5 bats
  10 rats
155 creatures vanquished.

Notes
Turn   | Place    | Note
-------+----------+-------------------------------------------
     0 | D:1      | mopl the Djinni Transmuter began the quest for the Orb.
     0 | D:1      | mopl set off with the following spells memorised: Beastly
                  | Appendage, Wereblood, Spider Form, Ice Form.
     0 | D:1      | Reached XP level 1. HP: 17/17 MP: 0/0
    89 | D:1      | Reached XP level 2. HP: 21/22 MP: 0/0
   947 | D:2      | Reached XP level 3. HP: 24/27 MP: 0/0
   947 | D:2      | Learned a level 1 spell: Sting
  1030 | D:2      | Reached skill level 2 in Spellcasting
  1406 | D:2      | Identified the +3 ring mail of the Furrier {Rampage Stlth+}
  1447 | D:2      | Reached skill level 4 in Unarmed Combat
  1594 | D:3      | Reached XP level 4. HP: 32/32 MP: 0/0
  1881 | D:3      | Noticed Robin
  1908 | D:3      | Killed Robin
  1909 | D:3      | Reached XP level 5. HP: 35/37 MP: 0/0
  1909 | D:3      | Learned a level 2 spell: Poisonous Vapours
  2372 | D:4      | Reached skill level 5 in Unarmed Combat
  2454 | D:4      | Reached XP level 6. HP: 42/42 MP: 0/0
  2459 | D:4      | Reached skill level 3 in Spellcasting
  2505 | D:4      | Reached skill level 6 in Unarmed Combat
  2598 | D:4      | Found a hide-covered altar of Uskayaw.
  2612 | D:4      | Reached XP level 7. HP: 44/47 MP: 0/0
  2612 | D:4      | Learned a level 2 spell: Lesser Beckoning
  2725 | D:4      | Noticed Ijyb
  2736 | D:4      | Killed Ijyb
  2962 | D:5      | Entered Level 5 of the Dungeon
  3042 | D:5      | Noticed a water moccasin
  3224 | D:5      | Reached skill level 7 in Unarmed Combat
  3292 | D:5      | Reached XP level 8. HP: 50/52 MP: 0/0
  3438 | D:4      | Reached skill level 4 in Spellcasting
  3530 | D:5      | Reached skill level 8 in Unarmed Combat
  3559 | D:5      | Noticed Pikel
  3579 | D:5      | Killed Pikel
  3580 | D:5      | Reached skill level 9 in Unarmed Combat
  3580 | D:5      | Reached XP level 9. HP: 12/57 MP: 0/0
  3580 | D:5      | Learned a level 4 spell: Iskenderun's Mystic Blast
  3815 | D:5      | Found a white marble altar of Elyvilon.
  4371 | D:6      | Reached skill level 1 in Armour
  4371 | D:6      | Reached skill level 5 in Spellcasting
  4371 | D:6      | Reached skill level 1 in Evocations
  4597 | D:6      | Reached skill level 1 in Throwing
  4599 | D:6      | Found a staircase to the Ecumenical Temple.
  4610 | Temple   | Entered the Ecumenical Temple
  5100 | D:6      | Reached skill level 2 in Fighting
  5106 | D:6      | Reached skill level 3 in Dodging
  5318 | D:6      | Found Dimuc's Assorted Antiques.
  5326 | D:6      | Bought a red potion for 21 gold pieces
  5326 | D:6      | Bought a scroll labelled PEL HENGOFYE for 24 gold pieces
  5326 | D:6      | Bought a scroll labelled YGUSCH PINE for 24 gold pieces
  5326 | D:6      | Bought a scroll labelled YCELYTS MEFFIM for 24 gold pieces
  5443 | D:6      | Reached skill level 2 in Evocations
  5662 | D:7      | Reached skill level 2 in Armour
  5839 | D:7      | Reached skill level 10 in Unarmed Combat
  5904 | D:7      | Found an ornate altar of the Wu Jian Council.
  5993 | D:7      | You are sucked into a shaft and drop 3 floors!
  5993 | D:10     | Entered Level 10 of the Dungeon
  5995 | D:10     | Found a glowing golden altar of the Shining One.
  6006 | D:10     | Reached XP level 10. HP: 42/65 MP: 0/0
  6029 | D:10     | Reached skill level 2 in Throwing
  6064 | D:10     | Noticed Josephine
  6087 | D:10     | HP: 3/66 [killer bee (7)]
  6087 | D:10     | Slain by a killer bee

Illustrated notes

Levels and vault maps discovered:
D:1:      dpeg_arrival_prison, layout_basic
D:2:      layout_basic, minmay_puff
D:3:      minmay_angry_zag, layout_loops_ring, serial_bayou_pond_b,
          serial_bayou_pond_a, uniq_robin
D:4:      layout_loops_cross, nicolae_uskayaw_dance_hall, uniq_ijyb
D:5:      layout_cave_pods, lemuel_coloured_pillars_altar,
          nicolae_overflow_crystal_walls, uniq_pikel
D:6:      layout_gridville, minmay_temple_entry_glass, serial_shops,
          nicolae_shop_waterfront
D:7:      layout_loops_ring, pdpol_wu_jian_five_deadly_venoms,
          nicolae_figureground_sparkle
D:10:     layout_rooms, general_overflow_altar, nicolae_overflow_squiral,
          ebering_dispersal_statue_hall, uniq_josephine, uniq_erica
Temple:   minmay_temple_forest_path

Skill      XL: |  1  2  3  4  5  6  7  8  9 10 |
---------------+-------------------------------+-----
Spellcasting   | 2 3 4 5 |  5.3
Unarmed Combat | 4 5 6 7 9 10 | 10.2
Armour         | 2 |  2.4
Evocations     | 2 |  2.5
Throwing       | 1 2 |  2.2
Fighting       | 2 |  2.8
Dodging        | 3 |  3.7

Action                     |  1- 3 |  4- 6 |  7- 9 | 10-12 || total
---------------------------+-------+-------+-------+-------++-------
  Melee: Unarmed           |    10 |       |     8 |       ||    18
         Whip              |    84 |   164 |   333 |     5 ||   586
         Headbutt          |     3 |       |     9 |       ||    12
         Punch             |     3 |     4 |    24 |     1 ||    32
   Cast: Beastly Appendage |     4 |       |     4 |       ||     8
         Wereblood         |       |     3 |     3 |       ||     6
         Ice Form          |       |       |     1 |       ||     1
         Lesser Beckoning  |       |       |     1 |       ||     1
         Poisonous Vapours |       |       |     1 |       ||     1
         Sting             |       |       |     1 |       ||     1
  Evoke: Wand              |       |       |       |     4 ||     4
    Use: Potion            |       |       |     1 |       ||     1
         Scroll            |       |       |       |     5 ||     5
   Stab: Sleeping          |     5 |     2 |     5 |       ||    12
 Armour: Robe              |     4 |       |       |       ||     4
         Ring mail         |    26 |    60 |    96 |     6 ||   188
         Skin              |       |       |    56 |       ||    56
  Dodge: Dodged            |    54 |   144 |   255 |    31 ||   484

Table legend: (Time is in decaauts)
 A = Elapsed time spent in this place.
 B = Non-inter-level travel time spent in this place.
 C = Inter-level travel time spent in this place.
 D = Time resting spent in this place.
 E = Time spent auto-exploring this place.
 F = Levels seen in this place.
 G = Mean time per level.
                   A        B        C        D        E       F      G
               +--------+--------+--------+--------+--------+-----+--------+
         Total |   6144 |   5946 |    198 |    729 |   3732 |   9 |  682.7 |
       Dungeon |   5772 |   5623 |    149 |    729 |   3420 |   8 |  721.5 |
        Temple |    372 |    323 |     49 |      0 |    312 |   1 |  372.0 |
               +--------+--------+--------+--------+--------+-----+--------+

Top non-repeatable levels by time:
     D:6: 1114 daAuts
     D:4: 995 daAuts
     D:5: 978 daAuts
     D:1: 860 daAuts
     D:3: 773 daAuts
     D:2: 696 daAuts
  Temple: 372 daAuts
     D:7: 257 daAuts
    D:10: 94 daAuts
